 Dungeon Crawl Stone Soup version 0.31-a0-198-g2ad674f65e (webtiles) character file.

Game seed: 9418253406851716902

574 qw the Skirmisher (level 7, -5/40 HPs)
             Began as a Deep Elf Hunter on June 25, 2023.
             Slain by a gnoll
             ... wielding a +0 spear
              (7 damage)
             ... on level 5 of the Dungeon.
             The game lasted 00:01:22 (3479 turns).

qw the Skirmisher (Deep Elf Hunter)                 Turns: 3479, Time: 00:01:23

Health: -5/40      AC:  7    Str: 10    XL:     7   Next: 12%
Magic:  9/9        EV: 13    Int: 14    God:
Gold:   216        SH:  0    Dex: 18    Spells: 6/6 levels left

rFire   + + .        Y - +0 shortbow
rCold   . . .        (shield currently unavailable)
rNeg    + . .        i - +0 leather armour {rF+}
rPois   .            l - +2 hat
rElec   .            g - +0 cloak
rCorr   .            (no gloves)
SInv    .            e - +0 pair of boots
Will    .....        (no amulet)
Stlth   ++           d - ring of protection from fire
HPRegen 0.26/turn    j - ring of positive energy
MPRegen 0.11/turn

%: no passive effects
@: about to teleport
A: no striking features
a: no special abilities


You were on level 5 of the Dungeon.
You visited 1 branch of the dungeon, and saw 5 of its levels.

You collected 216 gold pieces.


   Skills:
 - Level 2.1 Fighting
 + Level 10.4 Ranged Weapons
 - Level 4.2 Dodging
 - Level 1.2 Stealth


You had 6 spell levels left.
You didn't know any spells.
Your spell library was empty.

Inventory:

Hand Weapons
 Y - a +0 shortbow (weapon)
Armour
 e - a +0 pair of boots (worn)
 g - a +0 cloak (worn)
 i - a +0 leather armour of fire resistance (worn)
 k - a +0 scale mail
 l - a +2 hat (worn)
Jewellery
 d - a ring of protection from fire (left hand)
 j - a ring of positive energy (right hand)
Scrolls
 a - 2 scrolls of identify
 b - a scroll of teleportation
Potions
 c - a potion of curing
 f - a potion of resistance
 h - a potion of enlightenment

Dungeon Overview and Level Annotations

Branches:
Dungeon (5/15)
 Temple: D:4-7

Altars:
Ashenzari


Message History

The howler monkey hits you. The gnoll misses you.
You hear some strange, mumbled words.
Something tries to affect you, but you resist.
The gnoll barely misses you.
You shoot an arrow.
The arrow closely misses the howler monkey.
The centaur wields a +0 shortbow.
The centaur shoots an arrow.
The arrow hits you but does no damage. The howler monkey misses you.
The gnoll hits you with a +0 flail! Something barely misses you.
The gnoll hits you but does no damage.
3476 ||| READING 2 scrolls of teleportation.
As you read the scroll of teleportation, it crumbles to dust.
You feel strangely unstable.
The centaur shoots an arrow.
Reactivating autopickup.
You feel a bit more experienced. The howler monkey barely misses you.
The gnoll misses you.
A jelly comes into view.
The centaur shoots an arrow.
The arrow barely misses you.
The arrow hits the howler monkey!
The howler monkey dies!
The gnoll closely misses you.
The jelly quivers.
You shoot an arrow. The arrow barely misses the gnoll.
The gnoll misses you. The gnoll hits you but does no damage.
You shoot an arrow. The arrow hits the centaur.
The centaur is lightly wounded.
The centaur unwields a +0 shortbow.
The centaur barely misses you. The centaur kicks you.
The gnoll hits you from afar with a +0 spear.
The gnoll hits you but does no damage.
You shoot an arrow.
The arrow hits the centaur but does no damage.
The centaur is lightly wounded.
The centaur closely misses you.
The centaur kicks you but does no damage.
The centaur hits you but does no damage.
The centaur barely misses you.
The gnoll hits you from afar with a +0 spear!
You die... ...o.g ..... ## ## ho.g

#.##. ..< ## .....
..#..#. .. ...# ##...
.......
.##.#.#####....###g......
................@cJ..##.
.#.##.........#.g##......
.#...........###.......#.
.........###......##.#...
............##..### #.
...<####.(......## #
......#.......#..###....
........#.##..%.........
....#.###.####.###..##..


You could see a centaur, a jelly and 2 gnolls.

Vanquished Creatures
  A phantom (D:4)
  2 scorpions (D:4)
  A jelly (D:4)
  A hound (D:5)
  An iguana (D:5)
  A sleepcap (D:4)
  Natasha (thrice) (D:2)
  4 adders
  A white imp (D:5)
  3 worms
  2 dart slugs
  8 orcs
  4 ball pythons
  7 endoplasms
  2 giant cockroaches
  5 goblins
  6 hobgoblins
  5 jackals
  3 quokkas
  4 bats
  3 frilled lizards
  7 kobolds
  7 rats
81 creatures vanquished.

Vanquished Creatures (others)
  A howler monkey (D:5)
  An orc wizard (D:5)
2 creatures vanquished.

Grand Total: 83 creatures vanquished

Notes
Turn   | Place    | Note
-------+----------+-------------------------------------------
     0 | D:1      | qw the Deep Elf Hunter began the quest for the Orb.
     0 | D:1      | Reached XP level 1. HP: 12/12 MP: 3/3
     0 | D:1      | 0 ||| qw: Version: 0.3-a-22-g0ed2b0b
     0 | D:1      | 0 ||| qw: Game counter: 5014
     0 | D:1      | 0 ||| qw: Melee chars always use a shield: true
     0 | D:1      | 0 ||| qw: God list: Okawaru
     0 | D:1      | 0 ||| qw: Allow faded altars: false
     0 | D:1      | 0 ||| qw: Do Orc after clearing Dungeon:15 true
     0 | D:1      | 0 ||| qw: Do second Lair branch before Depths: true
     0 | D:1      | 0 ||| qw: Lair rune preference: random
     0 | D:1      | 0 ||| qw: Goals: Normal
     0 | D:1      | 0 ||| PLANNING D:1-11
   224 | D:1      | Reached XP level 2. HP: 16/16 MP: 4/4
   248 | D:1      | Reached skill level 6 in Ranged Weapons
   554 | D:1      | 554 ||| UPGRADING to +0 pair of boots.
   559 | D:1      | 559 ||| UPGRADING to ring of protection from fire.
   560 | D:1      | 560 ||| READING 3 scrolls labelled CUGGOW CIKKU.
   561 | D:1      | 561 ||| DROPPING scroll of butterflies.
   604 | D:2      | Noticed Natasha
   614 | D:2      | 614 ||| Stepping ~*~*~tactically~*~*~ (outnumbered).
   616 | D:2      | Killed Natasha
   617 | D:2      | Reached skill level 7 in Ranged Weapons
   617 | D:2      | Reached XP level 3. HP: 15/20 MP: 5/5
   636 | D:2      | Noticed Natasha
   646 | D:2      | Killed Natasha
   647 | D:2      | Reached XP level 4. HP: 22/25 MP: 6/6
  1073 | D:2      | Noticed Natasha
  1078 | D:2      | Killed Natasha
  1079 | D:2      | Reached skill level 8 in Ranged Weapons
  1326 | D:2      | 1326 ||| DROPPING ring of magical power.
  1327 | D:2      | 1327 ||| READING scroll labelled TOELAT EFYSS.
  1328 | D:2      | 1328 ||| READING scroll labelled COZELOLIYM.
  1329 | D:2      | 1329 ||| READING 3 scrolls of identify.
  1329 | D:2      | 1329 ||| IDENTIFYING viscous grey potion
  1454 | D:3      | Found a broken altar of Ashenzari.
  1646 | D:3      | HP: 6/25 [orc/+0 hand axe (6)]
  1648 | D:3      | Reached XP level 5. HP: 7/29 MP: 7/7
  2222 | D:3      | 2222 ||| UPGRADING to +0 cloak.
  2227 | D:3      | 2227 ||| UPGRADING to +0 leather armour of fire resistance.
  2237 | D:3      | 2237 ||| DROPPING +0 leather armour.
  2238 | D:3      | 2238 ||| UPGRADING to +2 hat.
  2243 | D:3      | 2243 ||| DROPPING amulet of magic regeneration.
  2244 | D:3      | 2244 ||| UPGRADING to ring of positive energy.
  2245 | D:3      | 2245 ||| READING scroll labelled NOV HANUSTET.
  2246 | D:3      | 2246 ||| READING scroll labelled SEFIDD GOGGULL.
  2247 | D:3      | 2247 ||| READING 3 scrolls of identify.
  2247 | D:3      | 2247 ||| IDENTIFYING green potion
  2497 | D:4      | Noticed a phantom
  2522 | D:4      | Killed a phantom
  2523 | D:4      | Reached skill level 9 in Ranged Weapons
  2580 | D:4      | Reached skill level 3 in Dodging
  2580 | D:4      | Reached XP level 6. HP: 16/34 MP: 8/8
  2839 | D:4      | 2839 ||| FLEEEEING.
  3069 | D:4      | Reached skill level 10 in Ranged Weapons
  3268 | D:4      | 3268 ||| READING scroll labelled UCISUGH TUASK.
  3269 | D:4      | 3269 ||| READING scroll labelled USHOIN TOVVI.
  3273 | D:4      | 3273 ||| READING scroll labelled POIZOTZ OPINO.
  3274 | D:4      | 3274 ||| READING 3 scrolls of identify.
  3274 | D:4      | 3274 ||| IDENTIFYING smoky white potion
  3330 | D:5      | Entered Level 5 of the Dungeon
  3445 | D:5      | Reached XP level 7. HP: 40/40 MP: 9/9
  3455 | D:5      | 3455 ||| Stepping ~*~*~tactically~*~*~ (outnumbered).
  3457 | D:5      | 3457 ||| Stepping ~*~*~tactically~*~*~ (outnumbered).
  3459 | D:5      | 3459 ||| Stepping ~*~*~tactically~*~*~ (outnumbered).
  3462 | D:5      | 3462 ||| Stepping ~*~*~tactically~*~*~ (outnumbered).
  3475 | D:5      | HP: 10/40 [gnoll/+0 flail (10)]
  3476 | D:5      | 3476 ||| READING 2 scrolls of teleportation.
  3478 | D:5      | HP: 2/40 [gnoll/+0 spear (6)]
  3479 | D:5      | Slain by a gnoll

Levels and vault maps discovered:
D:1:      heliophobic_arrival_enchanted_forest, layout_basic,
          hangedman_glass_teeth
D:2:      minmay_chambers_of_ones, layout_basic, roderic_roman_lattice,
          uniq_natasha
D:3:      layout_basic, nicolae_ashenzari_skybound, kennysheep_doodads
D:4:      layout_loops_ring, serial_glass, glass_columns_a, glass_columns_b,
          glass_columns_b, glass_columns_b, glass_columns_a, item_on_display_a,
          dreamdust_mushroom_princess, serial_bayou_lagoon_a,
          wad_rectangle_vault
D:5:      layout_rooms, mainiacjoe_overflow_alcove_4, temple_doors_e

Skill      XL: |  1  2  3  4  5  6 |
---------------+-------------------+-----
Ranged Weapons | 7 8 9 10 | 10.4
Dodging        | 3 4 |  4.2
Fighting       | 2 |  2.1
Stealth        | |  1.2

Action                     |  1- 3 |  4- 6 |  7- 9 || total
---------------------------+-------+-------+-------++-------
   Fire: Shortbow          |    72 |   237 |    17 ||   326
    Use: Scroll            |     1 |    10 |     1 ||    12
 Armour: Leather armour    |     3 |    28 |     9 ||    40
  Dodge: Dodged            |    18 |    61 |    21 ||   100

Table legend:
 A = Non-vault XP
 B = Vault XP
 C = Vault XP percentage of total XP
 D = Non-vault monster count
 E = Vault monster count
 F = Vault count percentage of total count
                 A         B        C        D         E       F
            +---------+---------+-------+---------+---------+-------
      Total |     635 |     186 |  22.7 |      71 |      12 |  14.5
            +---------+---------+-------+---------+---------+-------
        D:1 |      27 |       0 |   0.0 |      15 |       0 |   0.0
        D:2 |     107 |      43 |  28.7 |      15 |       6 |  28.6
        D:3 |      26 |       0 |   0.0 |      14 |       0 |   0.0
        D:4 |     281 |     143 |  33.7 |      19 |       6 |  24.0
        D:5 |     194 |       0 |   0.0 |       8 |       0 |   0.0
            +---------+---------+-------+---------+---------+-------
